AoeStats
← El Murga!

Nomad

507596206Analyzed
4v4 RM · 14d ago on Sep 18, 2026· 36m 47s· 8 players
Game mode
Random Map
Map size
231×231
Population
200
Speed
Normal
Resources
Standard
Victory
Conquest
Starting age
Dark Age
Ending age
Imperial Age
RankedLock teamsTeams togetherTeam positionsShared explorationLock speedFull tech treeHidden civsTurbo modeCheats
Victory
Defeat
🇲🇽 Japanese · Mexico
1038
+15
🇮🇳 Koreans · India
990
+17
🇬🇧 Berbers · United Kingdom
976
+18
🇲🇽 Koreans · Mexico
959
+18
🇦🇷 Italians · Argentina
1165
-23
🇦🇷 Spanish · Argentina
976
-16
🇦🇷 Huns · Argentina
965
-15
🇦🇷 Burgundians · Argentina
941
-14
animaniacs2
13:21 Feudal Age
12:30 Loom
13:49 Double-Bit Axe
18:32 Castle Age
17:47 Stone Mining
17:44 Fishing Lines
18:10 Horse Collar
21:13 Fletching
22:39 Wheelbarrow
22:42 Padded Archer Armor
24:25 Town Watch
25:02 Scale Mail Armor
27:02 Ballistics
27:36 Squires
28:30 Hand Cart
28:42 Gillnets
29:28 Leather Archer Armor
29:22 Elite Skirmisher
31:20 Gold Mining
35:27 Imperial Age
33:42 Bodkin Arrow
35:33 Capped Ram
37:13 Masonry
ChamacoPerro
11:35 Loom
15:45 Feudal Age
16:20 Double-Bit Axe
16:48 Town Watch
18:13 Wheelbarrow
20:24 Castle Age
19:21 Scale Mail Armor
19:19 Gold Mining
19:19 Fishing Lines
20:16 Forging
20:42 Arson
25:16 Stone Mining
32:26 Chain Mail Armor
34:57 Squires
36:00 Hand Cart
37:03 Gold Shaft Mining
39:22 Imperial Age
spilling
6:04 Loom
13:55 Feudal Age
14:34 Double-Bit Axe
16:07 Horse Collar
21:55 Castle Age
21:10 Forging
21:54 Bloodlines
22:55 Bow Saw
22:40 Gold Mining
22:56 Husbandry
25:02 Town Watch
25:14 Fletching
31:03 Wheelbarrow
31:33 Town Patrol
33:33 Hand Cart
34:40 Iron Casting
34:41 Heavy Plow
37:03 Scale Barding Armor
39:30 Imperial Age
vibhuyasha
4:06 Loom
15:49 Feudal Age
22:04 Castle Age
21:04 Fletching
24:05 Bodkin Arrow
26:20 Ballistics
26:54 Treadmill Crane
31:15 Imperial Age
30:25 Husbandry
31:02 Thumb Ring
34:59 Bracer
37:54 Chemistry
El Murga!
4:45 Loom
13:19 Feudal Age
18:14 Castle Age
16:56 Stone Mining
17:19 Fletching
21:42 Double-Bit Axe
23:06 Bow Saw
29:12 Bodkin Arrow
32:02 Imperial Age
35:20 Bracer
Sensei
4:55 Loom
14:30 Feudal Age
16:11 Wheelbarrow
19:41 Castle Age
17:45 Double-Bit Axe
17:42 Horse Collar
20:43 Hand Cart
20:42 Bow Saw
21:38 Stone Mining
Le1t0ftw!
9:14 Loom
15:03 Feudal Age
14:47 Double-Bit Axe
18:05 Gold Mining
21:16 Wheelbarrow
23:27 Forging
27:03 Castle Age
25:51 Scale Barding Armor
27:11 Cavalier
28:17 Hand Cart
29:22 Iron Casting
Deiv
6:47 Loom
16:33 Feudal Age
21:03 Castle Age
22:05 Double-Bit Axe
22:13 Gold Mining
22:14 Stone Mining
23:05 Bow Saw
23:49 Forging
23:44 Scale Barding Armor
25:02 Bloodlines
24:52 Husbandry
Connection lost

Rejoining the realm…

Still unreachable

The connection could not be restored.

Session expired

The server has moved on; the page needs a fresh start.